 Dungeon Crawl Stone Soup version 0.23-a0-622-g59b4ea9 (webtiles) character file.

66 tatocazan the Ruffian (level 3, -23/36 HPs)
             Began as a Troll Fighter on Dec 23, 2018.
             Annihilated by a two-headed ogre
             ... wielding a +0 giant club
              (30 damage)
             ... on level 3 of the Dungeon.
             The game lasted 00:04:36 (1861 turns).

tatocazan the Ruffian (Troll Fighter)               Turns: 1861, Time: 00:04:37

Health: -23/36     AC:  5    Str: 29    XL:     3   Next: 96%
Magic:  2/2        EV:  8    Int:  4    God:
Gold:   114        SH: 11    Dex: 10    Spells: 2/2 levels left

rFire    . . .     SeeInvis .     - Unarmed
rCold    . . .     Gourm    +   b - +0 shield
rNeg     . . .     Faith    .   a - +0 robe
rPois    .         Spirit   .   (helmet restricted)
rElec    .         Reflect  +   (no cloak)
rCorr    .         Harm     .   (gloves unavailable)
MR       .....                  (boots unavailable)
Stlth    +.........             p - +2 amulet of reflection
HPRegen  0.52/turn              (no ring)
MPRegen  0.08/turn              (no ring)

@: mighty
A: large, unfitting armour, claws 3, fast metabolism 3, gourmand, regeneration
1, shaggy fur 1, tough skin 2
a: no special abilities


You were on level 3 of the Dungeon.
You were completely stuffed.

You visited 1 branch of the dungeon, and saw 3 of its levels.

You collected 114 gold pieces.

Inventory:

Armour
 a - a +0 robe (worn)
 b - a +0 shield (worn)
Jewellery
 p - a +2 amulet of reflection (around neck)
Scrolls
 e - a scroll of fog {unknown}
 g - a scroll of blinking {unknown}
 i - a scroll of magic mapping {unknown}
 k - 2 scrolls of teleportation
 l - 2 scrolls of identify
 m - a scroll of remove curse {unknown}
 r - a scroll of amnesia {unknown}
Potions
 f - 2 potions of ambrosia {unknown}
 h - a potion of curing {unknown}
 j - a potion of heal wounds {unknown}
 n - a potion of agility {unknown}
 o - a potion of mutation {unknown}
 s - a potion of flight {unknown}
Comestibles
 d - 6 rations
 q - 3 chunks of flesh


   Skills:
 + Level 2.9 Fighting
 + Level 2.8 Dodging
 + Level 2.8 Shields
 * Level 3.0 Unarmed Combat


You had 2 spell levels left.
You didn't know any spells.
Your spell library was empty.

Dungeon Overview and Level Annotations

Branches:
Dungeon (3/15)

Altars:


Innate Abilities, Weirdness & Mutations

You are too large for most types of armour.
You have claws for hands.
Your metabolism is lightning-fast.
You like to eat raw meat.
Your natural rate of healing is unusually fast.
You are covered in fur. (AC +1)
You have very tough skin. (AC +2)


Message History

It is a scroll of identify.
p - a +2 amulet of reflection Put on which piece of jewellery? (? for menu, Esc to quit)
p - a +2 amulet of reflection (around neck)
You aren't carrying any items that you can evoke.
Unknown command.
You feel very mighty all of a sudden.
The two-headed ogre hits you but does no damage.
The two-headed ogre hits you with a +0 giant spiked club!!
Ouch! That really hurt!
You take 20 damage, and have 16/36 hp.
MASSIVE DAMAGE!!
You scratch the two-headed ogre.
The two-headed ogre is lightly wounded.
You mangle the two-headed ogre!!
The two-headed ogre is moderately wounded.
The two-headed ogre hits you with a +0 giant club!
* * * LOW HITPOINT WARNING * * *
The two-headed ogre hits you with a +0 giant spiked club!!
Ouch! That really hurt!
You die...

. #....[...
......## #........
.......#.......#...
#...#..#.......#...
#....$####...####..
#####......#......
..
#..........#...#.
.. #.....O....#
##...>.@..#
#.........#
......:.#.#
.......##.# ......#
# ...... ......
######


You could see a two-headed ogre.

Vanquished Creatures
  An adder (D:2)
  A worm (D:2)
  2 dart slugs
  2 leopard geckos (D:2)
  An orc (D:3)
  5 bats
  4 giant cockroaches
  3 goblins
  7 hobgoblins
  4 jackals
  5 kobolds
  A quokka (D:3)
  3 frilled lizards
  4 rats
43 creatures vanquished.

Notes
Turn   | Place    | Note
-------+----------+-------------------------------------------
     0 | D:1      | tatocazan the Troll Fighter began the quest for the Orb.
     0 | D:1      | Reached XP level 1. HP: 22/22 MP: 0/0
     1 | D:1      | Noticed an electric eel
    86 | D:1      | Reached XP level 2. HP: 29/29 MP: 1/1
   715 | D:1      | Reached XP level 3. HP: 27/36 MP: 2/2
  1789 | D:3      | Reached skill level 3 in Unarmed Combat
  1819 | D:3      | Found a faded altar of an unknown god.
  1854 | D:3      | Noticed a two-headed ogre
  1861 | D:3      | Annihilated by a two-headed ogre

Vault maps used:
D:1:      arrival_aquarium_a, serial_park_tiny_pond
D:2:      first_ration
D:3:      hangedman_ru_absence, lemuel_round_altar,
          chequers_ecumenical_altar_island, chequers_mini_garden

Skill      XL: |  1  2  3 |
---------------+----------+-----
Unarmed Combat | 3 |  3.0
Fighting       | |  2.9
Dodging        | |  2.8
Shields        | |  2.8

Action                   || total
-------------------------++-------
Melee: Unarmed           ||   122
  Use: Scroll            ||     2
       Potion            ||     1
  Eat: Chunk             ||    23
Armor: Robe              ||    46
Dodge: Dodged            ||    32
Block: Shield            ||    56

Table legend:
 A = Non-vault XP
 B = Vault XP
 C = Vault XP percentage of total XP
 D = Non-vault monster count
 E = Vault monster count
 F = Vault count percentage of total count
                 A         B        C        D         E       F
            +---------+---------+-------+---------+---------+-------
      Total |      95 |       0 |   0.0 |      43 |       0 |   0.0
            +---------+---------+-------+---------+---------+-------
        D:1 |      42 |       0 |   0.0 |      23 |       0 |   0.0
        D:2 |      40 |       0 |   0.0 |      14 |       0 |   0.0
        D:3 |      13 |       0 |   0.0 |       6 |       0 |   0.0
            +---------+---------+-------+---------+---------+-------
